 Dungeon Crawl Stone Soup version 0.19-a0-713-g934ebc7 (webtiles) character file.

273 Ijustatesigmund the Conjurer (level 6, -2/32 HPs)
             Began as a Deep Elf Conjurer on June 20, 2016.
             Slain by TBriggs11TB's ghost (8 damage)
             ... on level 3 of the Dungeon.
             The game lasted 00:14:35 (3554 turns).

Ijustatesigmund the Conjurer (Deep Elf Conjurer)    Turns: 3554, Time: 00:14:36

Health: -2/32      AC:  7    Str: 10    XL:     6   Next: 3%
Magic:  1/13       EV: 14    Int: 25    God:
Gold:   196        SH:  0    Dex: 17    Spells: 4 memorised, 1 level left

rFire  . . .     SeeInvis .     j - +1 dagger (vamp)
rCold  . . .     Gourm    .     a - +0 robe
rNeg   + . .     Faith    .     (no shield)
rPois  .         Spirit   .     m - +1 helmet
rElec  .         Dismiss  .     (no cloak)
rCorr  .         Reflect  .     (no gloves)
SustAt .         Harm     .     d - +2 pair of boots
MR     .....                    (no amulet)
Stlth  ++........               (no ring)
                                k - ring of positive energy

@: mighty, brilliant, flying, not resistant to hostile enchantments, unstealthy
A: no striking features
a: no special abilities


You were on level 3 of the Dungeon.
You were not hungry.

You visited 1 branch of the dungeon, and saw 4 of its levels.

You collected 196 gold pieces.

Inventory:

Hand Weapons
 j - a +1 vampiric dagger (weapon)
Missiles
 q - 2 tomahawks (quivered)
Armour
 a - a +0 robe (worn)
 d - a +2 pair of boots (worn)
 m - a +1 helmet (worn)
Jewellery
 k - a ring of positive energy (left hand)
Scrolls
 e - 2 scrolls of recharging
 o - a scroll of remove curse
Potions
 f - a potion of flight
 h - a potion of brilliance
 i - a potion of curing
 p - a potion of agility {unknown}
Books
 b - a book of Conjurations

   Spells                             Type                      Level
   a - Magic Dart                     Conjuration                  1
   b - Searing Ray                    Conjuration                  2
   c - Dazzling Spray                 Conjuration/Hexes            3
   d - Fulminant Prism                Conjuration/Hexes            4
   e - Iskenderun's Mystic Blast      Conjuration                  4
   f - Iskenderun's Battlesphere      Conjuration/Charms           5
Comestibles
 c - 5 bread rations
 n - 4 fruits


   Skills:
 - Level 2.0 Short Blades
 - Level 3.5 Dodging
 - Level 2.4 Stealth
 - Level 3.6 Spellcasting
 + Level 5.9 Conjurations
 + Level 3.3 Hexes
 * Level 1.7 Charms


You had one spell level left.
You knew the following spells:

 Your Spells              Type           Power        Failure   Level  Hunger
a - Magic Dart            Conj           ####         1%          1    None
b - Searing Ray           Conj           #####.       1%          2    #......
c - Dazzling Spray        Conj/Hex       #####.       1%          3    ##.....
d - Iskenderun's Battles  Conj/Chrm      #####...     10%         5    ######.


Dungeon Overview and Level Annotations

Branches:
Dungeon (4/15)
 Temple: D:4-7

Altars:
Elyvilon
Makhleb
Uskayaw
Xom

Annotations:
D:3 TBriggs11TB's ghost, amateur TrMo


Message History

Casting: Dazzling Spray
Confirm with . or Enter, or press ? or * to list all spells.
Aiming: Dazzling Spray
Press: ? - help, Shift-Dir - straight line, f/p - TBriggs11TB's ghost
Aim: TBriggs11TB's ghost (severely damaged)
The spray of energy hits TBriggs11TB's ghost.
TBriggs11TB's ghost is severely damaged.
TBriggs11TB's ghost hits you but does no damage.
It was a potion of flight.
You feel very buoyant.
You fly up into the air.
TBriggs11TB's ghost hits you but does no damage.
All of the chunks of flesh in your inventory have rotted away.
It was a potion of brilliance.
You feel clever all of a sudden. TBriggs11TB's ghost closely misses you.
It was a potion of might.
You feel very mighty all of a sudden. TBriggs11TB's ghost hits you!
You die...

#.)......(.......#
#.#.##############$......
#.#.# ...(... #.#.#
.W..... #.#.# .......
#####.#.## .....
.........########### ...
.######......†.....###.#
.# #.........@W.....# .#
############...........
.# #########... .# # .#
.# .# .# ##


You could see TBriggs11TB's ghost.

Vanquished Creatures
  An orc priest (D:4)
  An orc wizard (D:4)
  Ijyb (D:2)
  An iguana (D:4)
  Robin (D:2)
  5 adders
  A gnoll (D:1)
  A howler monkey skeleton (D:4)
  3 oozes
  A giant gecko (D:2)
  4 orcs
  4 bats
  5 giant cockroaches
  16 goblins
  8 hobgoblins
  10 jackals
  2 kobolds
  5 giant newts
  A rat (D:3)
71 creatures vanquished.

Notes
Turn   | Place    | Note
--------------------------------------------------------------
     0 | D:1      | Ijustatesigmund the Deep Elf Conjurer began the quest for the Orb.
     0 | D:1      | Reached XP level 1. HP: 10/10 MP: 6/6
   165 | D:1      | Reached XP level 2. HP: 15/15 MP: 0/8
   386 | D:2      | Reached skill level 5 in Conjurations
   417 | D:2      | Reached XP level 3. HP: 19/19 MP: 4/9
   736 | D:1      | Learned a level 2 spell: Searing Ray
   744 | D:1      | Learned a level 3 spell: Dazzling Spray
  1268 | D:2      | Reached skill level 1 in Short Blades
  1268 | D:2      | Reached skill level 1 in Hexes
  1428 | D:2      | Reached XP level 4. HP: 24/24 MP: 8/10
  1562 | D:2      | Noticed Robin
  1578 | D:2      | Killed Robin
  1742 | D:2      | Noticed Ijyb
  1749 | D:2      | Killed Ijyb
  1861 | D:2      | Found a shimmering altar of Xom.
  1861 | D:2      | Found a burning altar of Makhleb.
  2032 | D:2      | Reached XP level 5. HP: 28/28 MP: 8/11
  2057 | D:2      | Found a hide-covered altar of Uskayaw.
  2325 | D:3      | Found a white marble altar of Elyvilon.
  2442 | D:3      | Noticed TBriggs11TB's ghost (amateur TrMo)
  2561 | D:4      | Noticed a hippogriff
  2884 | D:4      | Learned a level 5 spell: Iskenderun's Battlesphere
  2895 | D:4      | Reached skill level 1 in Charms
  3285 | D:3      | Reached XP level 6. HP: 32/32 MP: 10/13
  3554 | D:3      | Slain by TBriggs11TB's ghost

Vault maps used:
D:1:      dpeg_arrival_concentric_ovals
D:2:      gammafunk_temple_overflow_elements, eat_drink_and_be_merry_uskayaw,
          uniq_iyjb, uniq_robin
D:3:      overflow_temple_1_default, ecumenical_altar_2
D:4:      first_bread

Skill      XL: |  1  2  3  4  5 |
---------------+----------------+-----
Dodging        | 3 |  3.5
Conjurations   | 5 |  5.9
Short Blades   | 1 2 |  2.0
Hexes          | 1 2 3 |  3.3
Charms         | 1 |  1.7
Stealth        | |  2.4
Spellcasting   | |  3.6

Action                   |  1- 3 |  4- 6 || total
-------------------------+-------+-------++-------
Melee: Dagger            |     5 |    84 ||    89
 Cast: Magic Dart        |    56 |    59 ||   115
       Dazzling Spray    |       |    14 ||    14
       Searing Ray       |       |     1 ||     1
  Use: Scroll            |     7 |     1 ||     8
       Potion            |       |     4 ||     4
 Stab: Sleeping          |     1 |     1 ||     2
       Invisible         |       |     2 ||     2
  Eat: Chunk             |     1 |     4 ||     5
       Bread ration      |     1 |       ||     1
       Fruit             |       |     3 ||     3
       Beef jerky        |       |     1 ||     1
Armor: Robe              |     6 |    24 ||    30
Dodge: Dodged            |     9 |    71 ||    80
